 Dungeon Crawl Stone Soup version 0.23.1 (webtiles) character file.

Game seed: 1717806187959141044

4710 Norn the Spear-Bearer (level 10, -1/80 HPs)
             Began as a Merfolk Skald on Mar 8, 2019.
             Was a Follower of Ashenzari.
             Slain by a basilisk (12 damage)
             ... on level 8 of the Dungeon.
             The game lasted 00:40:36 (11145 turns).

Norn the Spear-Bearer (Merfolk Skald)              Turns: 11145, Time: 00:40:36

Health: -1/80      AC:  8    Str: 11    XL:     10   Next: 45%
Magic:  9/13       EV: 17    Int: 17    God:    Ashenzari [*.....]
Gold:   451        SH:  0    Dex: 13    Spells: 7/13 levels left

rFire    + . .     SeeInvis .   b - +4 halberd (freeze) (curse)
rCold    . . .     Gourm    .   (shield currently unavailable)
rNeg     . . .     Faith    .   B - +3 leather armour {rF+} (curse)
rPois    +         Spirit   .   J - +0 helmet
rElec    .         Reflect  .   G - +0 cloak
rCorr    .         Harm     .   (no gloves)
MR       .....                  (no boots)
Stlth    +.........             (no amulet)
HPRegen  0.23/turn              z - ring of poison resistance
MPRegen  0.13/turn              (no ring)

@: no status effects
A: change form in water, swift swim, stealthy swim
a: Curse Item, Scrying, Renounce Religion


You were on level 8 of the Dungeon.
You worshipped Ashenzari.
Ashenzari was aware of your devotion.
You were hungry.

You visited 1 branch of the dungeon, and saw 8 of its levels.

You collected 451 gold pieces.

Inventory:

Hand Weapons
 a - a +0 spear
 b - a cursed +4 halberd of freezing (weapon)
   (You took it off a wight on level 6 of the Dungeon)
Missiles
 p - a throwing net (quivered) {!f}
 w - 65 poisoned needles
Armour
 g - a +2 buckler
   (You found it on level 1 of the Dungeon)
 B - a cursed +3 leather armour of fire resistance (worn)
   (You took it off Eustachio on level 4 of the Dungeon)
 E - the +1 leather armour of Decompression {rF+ rN+}
   (You took it off a wight on level 6 of the Dungeon)

   It protects you from fire.
   It protects you from negative energy.
 G - a +0 cloak (worn)
   (You found it on level 3 of the Dungeon)
 H - a +0 pair of gloves
   (You found it on level 7 of the Dungeon)
 J - a +0 helmet (worn)
   (You found it on level 8 of the Dungeon)
Jewellery
 z - a ring of poison resistance (left hand)
   (You found it on level 4 of the Dungeon)
Wands
 d - a wand of iceblast (8)
   (You took it off an orc wizard on level 6 of the Dungeon)
 u - a wand of paralysis (11)
   (You found it on level 8 of the Dungeon)
 v - a wand of digging (8)
   (You found it on level 7 of the Dungeon)
 x - a wand of acid (12)
   (You found it on level 3 of the Dungeon)
 I - a wand of polymorph (3)
   (You found it on level 3 of the Dungeon)
Scrolls
 c - 5 scrolls of teleportation {@r4}
 f - 2 scrolls of enchant armour
 h - 6 scrolls of remove curse {@r2}
 l - a scroll of fear
 m - 2 scrolls of amnesia
 n - 2 scrolls of blinking {unknown}
 r - 2 scrolls of immolation {!r}
 C - 2 scrolls of enchant weapon {unknown}
 K - a scroll of identify {@r1}
 L - a scroll of fog {unknown}
Potions
 i - 3 potions of curing {@q1}
 j - 2 potions of agility {unknown}
 k - 2 potions of invisibility
 o - 2 potions of lignification {!q}
 q - a potion of resistance {unknown}
 s - 2 potions of mutation {unknown}
 t - 3 potions of flight
 y - a potion of heal wounds {unknown}
 A - 2 potions of brilliance {unknown}
 F - a potion of magic {unknown}
Comestibles
 e - 12 rations {!d}


   Skills:
 + Level 7.9 Fighting
 * Level 13.7 Polearms
 - Level 0.6 Armour
 + Level 9.5 Dodging
 - Level 2.0 Spellcasting
 + Level 4.0 Hexes
 + Level 4.1 Charms
 - Level 2.0 Translocations


You had 7 spell levels left.
You knew the following spells:

 Your Spells              Type           Power        Failure   Level  Hunger
a - Infusion              Chrm           ###.         4%          1    #......
q - Shroud of Golubria    Chrm/Tloc      ##........   11%         2    ###....
t - Spectral Weapon       Hex/Chrm       ###.....     14%         3    ###....

Your spell library contained the following spells:

 Spells                   Type           Power        Failure   Level  Hunger
 Song of Slaying          Chrm           ###.....     7%          2    ###....
 Regeneration             Chrm/Necr      #.........   32%         3    ###....


Dungeon Overview and Level Annotations

Branches:
Dungeon (8/15)             Temple (0/1) D:4
   Lair: D:8-11

Altars:
Ashenzari
Elyvilon
Gozag
Hepliaklqana
Nemelex Xobeh
Okawaru
Qazlal
Ru
Sif Muna
Trog
Vehumet
Wu Jian
Zin
The Shining One

Shops:
D:3 *

Annotations:
D:5 2 transporters, Sondor's ghost, amateur GnCK


Message History

The basilisk gazes at you.
The centaur shoots an arrow.
The arrow hits you!
* * * LOW HITPOINT WARNING * * *
The centaur shoots an arrow.
The arrow hits you.
* * * LOW HITPOINT WARNING * * *
The centaur shoots an arrow.
The arrow hits you but does no damage.
The centaur shoots an arrow.
The arrow hits you!
* * * LOW HITPOINT WARNING * * *
The centaur shoots an arrow.
The arrow hits you!
* * * LOW HITPOINT WARNING * * *
The centaur shoots an arrow.
The arrow hits you!
* * * LOW HITPOINT WARNING * * *
The centaur shoots an arrow.
The arrow hits you.
* * * LOW HITPOINT WARNING * * *
The centaur shoots an arrow.
The arrow hits you.
The centaur shoots an arrow.
The arrow hits you but does no damage.
You turn to flesh and can move again.
You see here 10 arrows.
The centaur unwields a +0 shortbow.
The centaur hits you.
* * * LOW HITPOINT WARNING * * *
You see here 10 arrows.
Space distorts slightly along a thin shroud covering your body.
The centaur misses you.
You draw out your weapon's spirit!
The centaur misses you. The centaur barely misses you.
You are too injured to fight recklessly!
You puncture the centaur! You freeze the centaur.
Your spectral weapon barely misses the centaur.
Your shroud bends the centaur's attack away.
You closely miss the centaur.
Your spectral weapon hits the centaur!!
Your spectral weapon freezes the centaur.
You kill the centaur!
You are too injured to fight recklessly!
You puncture the basilisk!
The basilisk seems to slow down.
You freeze the basilisk.
Your spectral weapon misses the basilisk.
You closely miss the basilisk.
Your spectral weapon barely misses the basilisk.
The basilisk gazes at you. You resist with some effort.
Your leather armour prevents you from hitting the basilisk.
Your spectral weapon barely misses the basilisk.
The basilisk completely misses you.
You slash the basilisk!
The basilisk seems to slow down.
You freeze the basilisk.
Your spectral weapon misses the basilisk.
You miss the basilisk.
Your spectral weapon closely misses the basilisk.
The basilisk bites you!
You die...

#.#### #.# #.# ..# #.# #.#
### #.# #.# # #.# #.# #
### ### ## ## ...#####
####...# ..#.....##....#
.......#l@###### ###
........((####.# ### ###..
...#......(.(..###.###))##
....###....((...###...).#
..# #..#.###.........### %
#.##.. ###.#######
############# #### ### ##
#.........# #.####.# #.
#######.#.# #(.....# #.


You could see a basilisk and a friendly spectral +4 halberd of freezing.

Vanquished Creatures
  A two-headed ogre (D:7)
  Grinder (D:3)
  A wyvern (D:8)
  Sigmund (D:6)
  Eustachio (D:4)
  Menkaure (D:7)
  An acid dragon (D:8)
  Duvessa (D:4)
  An orc warrior (D:8)
  3 ice beasts (D:8)
  A black bear (D:7)
  3 ogres
  2 centaurs (D:8)
  2 crocodiles (D:8)
  2 big kobolds
  3 bullfrogs
  Dowan (D:4)
  3 scorpions
  2 howler monkeys
  9 wights
  4 crimson imps
  4 hounds
  A bullfrog skeleton (D:7)
  A centaur skeleton (D:6)
  4 orc priests
  A jelly (D:8)
  A gnoll shaman (D:6)
  4 iguanas
  Ijyb (D:3)
  Terence (D:3)
  4 orc wizards
  2 worker ants
  A killer bee zombie (D:6)
  A hound skeleton (D:5)
  A worker ant zombie (D:5)
  4 gnolls (D:6)
  7 adders
  2 oozes
  2 adder zombies (D:7)
  An adder skeleton (D:4)
  4 worms
  2 dart slugs
  4 leopard geckos
  28 orcs
  10 bats
  3 giant cockroaches
  3 goblins (D:1)
  10 hobgoblins
  14 jackals
  8 quokkas
  3 ball pythons
  9 frilled lizards
  A jackal skeleton (D:4)
  A jackal zombie (D:5)
  18 kobolds
  A quokka skeleton (D:4)
  6 rats
212 creatures vanquished.

Vanquished Creatures (others)
  2 spectral weapons
2 creatures vanquished.

Grand Total: 214 creatures vanquished

Notes
Turn   | Place    | Note
-------+----------+-------------------------------------------
     0 | D:1      | Norn the Merfolk Skald began the quest for the Orb.
     0 | D:1      | Reached XP level 1. HP: 16/16 MP: 3/3
     2 | D:1      | Noticed a draconian
     2 | D:1      | Noticed a gargoyle
     4 | D:1      | Noticed a halfling
     4 | D:1      | Noticed a dwarf
     6 | D:1      | Noticed a centaur
     6 | D:1      | Noticed a demonspawn
     8 | D:1      | Noticed a felid
     8 | D:1      | Noticed a merfolk
    10 | D:1      | Noticed a demigod
    12 | D:1      | Noticed a vampire
    12 | D:1      | Noticed an elf
    14 | D:1      | Noticed a vine stalker
    14 | D:1      | Noticed an ogre
    16 | D:1      | Noticed a human
    16 | D:1      | Noticed a spriggan
    18 | D:1      | Noticed a naga
    18 | D:1      | Noticed a formicid
    20 | D:1      | Noticed a tengu
    22 | D:1      | Noticed an octopode
    22 | D:1      | Noticed a troll
    24 | D:1      | Noticed a ghoul
    26 | D:1      | Noticed a minotaur
   135 | D:1      | Reached XP level 2. HP: 23/23 MP: 0/5
   142 | D:1      | Learned a level 2 spell: Shroud of Golubria
   525 | D:1      | Reached XP level 3. HP: 26/28 MP: 0/6
   799 | D:2      | Reached skill level 4 in Polearms
  1155 | D:2      | Learned a level 3 spell: Spectral Weapon
  1191 | D:2      | Found a hazy altar of Hepliaklqana.
  1198 | D:2      | Found a glowing golden altar of the Shining One.
  1300 | D:2      | Reached XP level 4. HP: 34/34 MP: 1/7
  2084 | D:3      | Found Zin's Purification Station.
  2089 | D:3      | Found a glowing silver altar of Zin.
  2626 | D:3      | Found a deep blue altar of Sif Muna.
  2688 | D:3      | Noticed Ijyb
  2699 | D:3      | Paralysed by Ijyb for 7 turns
  2712 | D:3      | Paralysed by Ijyb for 4 turns
  2721 | D:3      | Paralysed by Ijyb for 5 turns
  2758 | D:3      | Killed Ijyb
  2758 | D:3      | Reached skill level 5 in Polearms
  2758 | D:3      | Reached XP level 5. HP: 25/41 MP: 2/8
  3278 | D:3      | Noticed Grinder
  3296 | D:3      | Killed Grinder
  3296 | D:3      | Reached skill level 6 in Polearms
  3296 | D:3      | Reached skill level 1 in Translocations
  3296 | D:3      | Reached XP level 6. HP: 39/48 MP: 2/9
  4114 | D:3      | Noticed Terence
  4138 | D:3      | Killed Terence
  4138 | D:3      | Reached XP level 7. HP: 48/54 MP: 0/10
  4377 | D:4      | Found an ornate altar of the Wu Jian Council.
  4433 | D:4      | Found a bloodstained altar of Trog.
  4445 | D:4      | Noticed Duvessa
  4522 | D:4      | Noticed Dowan
  4531 | D:4      | Killed Duvessa
  4531 | D:4      | Reached skill level 7 in Polearms
  4538 | D:4      | Killed Dowan
  4538 | D:4      | Reached skill level 5 in Dodging
  4538 | D:4      | Reached skill level 1 in Hexes
  5433 | D:4      | Reached skill level 8 in Polearms
  5455 | D:4      | Reached XP level 8. HP: 39/61 MP: 0/11
  5580 | D:4      | Noticed Eustachio
  5616 | D:4      | Killed Eustachio
  5759 | D:4      | Found an opulent altar of Gozag.
  5934 | D:4      | Found a staircase to the Ecumenical Temple.
  6127 | D:5      | Entered Level 5 of the Dungeon
  6344 | D:5      | Found a shattered altar of Ashenzari.
  6372 | D:5      | Became a worshipper of Ashenzari the Shackled
  6404 | D:5      | Reached skill level 5 in Fighting
  6524 | D:5      | Reached skill level 9 in Polearms
  6750 | D:5      | Found a transporter.
  6750 | D:5      | Noticed Sondor's ghost (amateur GnCK)
  6938 | D:5      | Found a radiant altar of Vehumet.
  7003 | D:5      | Found an iron altar of Okawaru.
  7264 | D:5      | Found a transporter.
  7386 | D:6      | HP: 3/63 [wight/cursed +4 halberd of freezing (3)]
  8054 | D:6      | Reached skill level 10 in Polearms
  8325 | D:6      | Reached XP level 9. HP: 61/69 MP: 6/12
  8547 | D:6      | Noticed Sigmund
  8589 | D:6      | Killed Sigmund
  8731 | D:6      | Identified the +1 leather armour of Decompression {rF+ rN+}
  8800 | D:6      | Found a white marble altar of Elyvilon.
  9337 | D:7      | Found a sparkling altar of Nemelex Xobeh.
  9351 | D:7      | Reached skill level 11 in Polearms
  9382 | D:7      | Noticed a two-headed ogre
  9389 | D:7      | Killed a two-headed ogre
  9389 | D:7      | Reached skill level 12 in Polearms
  9408 | D:7      | Reached * piety under Ashenzari
  9962 | D:7      | Noticed Menkaure
  9970 | D:7      | Killed Menkaure
  9970 | D:7      | Reached XP level 10. HP: 79/79 MP: 7/13
 10002 | D:7      | Found a stormy altar of Qazlal.
 10002 | D:7      | Found a sacrificial altar of Ru.
 10238 | D:8      | Reached skill level 13 in Polearms
 11145 | D:8      | Slain by a basilisk

Skill      XL: |  1  2  3  4  5  6  7  8  9 10 |
---------------+-------------------------------+-----
Dodging        | 3 4 5 6 8 9 |  9.5
Polearms       | 4 5 6 8 10 12 13 | 13.7
Fighting       | 3 4 5 7 |  7.9
Charms         | 4 |  4.1
Translocations | 1 2 |  2.0
Hexes          | 2 3 4 |  4.0
Armour         | |  0.6
Spellcasting   | |  2.0

Action                   |  1- 3 |  4- 6 |  7- 9 | 10-12 || total
-------------------------+-------+-------+-------+-------++-------
Melee: Spear             |   121 |   230 |   385 |       ||   736
       Tailslap          |       |       |     1 |       ||     1
       Halberd           |       |       |   116 |   107 ||   223
 Cast: Infusion          |    17 |    16 |    10 |       ||    43
       Shroud of Golubri |     7 |    14 |    14 |     1 ||    36
       Spectral Weapon   |       |     1 |    29 |     4 ||    34
Invok: Curse Item        |       |       |     1 |       ||     1
Evoke: Wand              |       |     4 |     4 |       ||     8
  Use: Scroll            |       |     1 |     8 |     1 ||    10
       Potion            |       |     1 |       |       ||     1
 Stab: Sleeping          |     1 |     1 |     2 |     1 ||     5
       Distracted        |       |       |     3 |     1 ||     4
  Eat: Chunk             |     2 |     8 |    22 |     4 ||    36
       Ration            |       |     1 |     1 |       ||     2
Armor: Leather armour    |    31 |    51 |    69 |     5 ||   156
Dodge: Dodged            |    29 |   124 |   225 |    59 ||   437
